 Dungeon Crawl Stone Soup version 0.28.0-43-g3370ac3207 (console) character file.

Game seed: 3478462558914886896

105 Zeor the Shooter (level 4, 0/37 HPs)
             Began as a Minotaur Hunter on Mar 27, 2022.
             Engulfed by Sigmund's steam (10 damage)
             ... on level 3 of the Dungeon.
             The game lasted 00:05:37 (1370 turns).

Zeor the Shooter (Minotaur Hunter)                  Turns: 1370, Time: 00:05:38

Health: 0/37       AC:  9    Str: 17    XL:     4   Next: 54%
Magic:  3/3        EV:  7    Int:  8    God:
Gold:   87         SH:  0    Dex: 12    Spells: 3/3 levels left

rFire   . . .      SeeInvis .   b - +0 spear (flame)
rCold   . . .      Faith    .   (no shield)
rNeg    . . .      Spirit   .   e - +0 chain mail
rPois   .          Reflect  .   (helmet restricted)
rElec   .          Harm     .   c - +0 cloak
rCorr   .          Rampage  .   (no gloves)
Will    .....                   (no boots)
Stlth   ..........              (no amulet)
HPRegen 0.12/turn               (no ring)
MPRegen 0.08/turn               (no ring)

@: hasted, very quick
A: horns 2, retaliatory headbutt
a: no special abilities


You were on level 3 of the Dungeon.
You visited 1 branch of the dungeon, and saw 3 of its levels.

You collected 87 gold pieces.

Inventory:

Hand Weapons
 a - a +1 shortbow
 b - a +0 spear of flaming (weapon)
 g - a +0 rapier
Missiles
 d - 32 arrows
Armour
 c - a +0 cloak (worn)
 e - a +0 chain mail (worn)
Scrolls
 i - a scroll of fog
 j - 2 scrolls of teleportation
 k - a scroll of identify
Potions
 f - a potion of curing


   Skills:
 + Level 2.8 Fighting
 + Level 0.2 Polearms
 + Level 6.2 Bows
 + Level 1.1 Armour
 + Level 2.2 Dodging
 - Level 0.7 Stealth


You had 3 spell levels left.
You didn't know any spells.
Your spell library was empty.

Dungeon Overview and Level Annotations

Branches:
Dungeon (3/15)

Altars:

Annotations:
D:3 Sigmund


Innate Abilities, Weirdness & Mutations

You have a pair of horns on your head.
You reflexively headbutt those who attack you in melee.


Message History

You shoot an arrow. The arrow hits Sigmund.
Sigmund is lightly wounded.
You shoot an arrow. The arrow hits Sigmund.
Sigmund is lightly wounded.
Sigmund mumbles some strange words.
Sigmund flickers and vanishes!
Deactivating autopickup; reactivate with Ctrl-A.
You shoot an arrow. The arrow closely misses the rat.
You shoot an arrow. The arrow barely misses the rat.
You are confused.
You are too confused!
You are too confused!
Unknown command.
Your +0 spear of flaming bursts into flame!
b - a +0 spear of flaming (weapon)
You bump into the rock wall.
You bump into the rock wall.
You feel better.
You closely miss the rat. You headbutt the rat.
You kill the rat!
There is a fountain of clear blue water here.
You barely miss something. Something hits you but does no damage.
You hit something. You burn something. You miss something.
You hear some strange, mumbled words.
A puff of flame appears from out of thin air!
The puff of flame hits you!
You miss something. You punch something.
You are engulfed in a cloud of scalding steam.
You hear some strange, mumbled words.
Something tries to affect you, but you resist.
You miss something.
You are engulfed in a cloud of scalding steam.
You barely miss something.
You are engulfed in a cloud of scalding steam.
Something hits you.
* * * LOW HITPOINT WARNING * * *
You barely miss something. Your headbutt misses something.
You are engulfed in a cloud of scalding steam.
You die...

▒∙▒
▒∙▒∙⌠∙▒▒▒∙∙∙▒▒▒▒
∙∙▒
▒▒▒∙∙∙∙∙∙∙∙∙∙∙∙▒
∙∙▒▒▒
▒▒▒∙∙∙∙∙∙∙∙>∙▒
∙∙∙∙▒▒ ▒∙∙∙∙∙∙∙∙∙∙▒
∙∙∙∙∙▒ ▒∙∙∙∙∙∙∙▒▒▒▒
∙∙∙∙∙▒∙∙∙∙∙∙∙∙∙∙▒
∙∙∙∙∙▒∙<∙∙∙∙∙∙∙∙▒▒▒
∙∙∙∙∙▒∙∙∙∙∙∙∙∙∙∙∙∙▒
∙∙∙∙∙▒▒▒▒∙∙∙▒▒▒∙H∙▒
∙∙∙∙∙∙∙▒▒∙8∙▒ ▒∙{∙▒
∙∙∙∙∙∙∙∙▒∙∙∙▒▒▒∙∙∙▒
∙∙∙∙▒▒∙▒▒▒ ▒∙∙∙∙∙▒
∙∙∙∙▒ ∙▒ ▒▒∙∙▒▒▒
∙▒▒∙∙∙∙∙∙∙ ▒∙∙▒ ∙▒
∙∙▒▒▒▒▒ ▒∙∙▒ ∙∙ ∙∙▒
▒∙∙▒ ∙▒▒∙∙▒
▒∙∙∙∙∙∙∙∙∙▒


There were no monsters in sight!

Vanquished Creatures
  A hound (D:3)
  A bullfrog skeleton (D:3)
  An adder (D:3)
  A worm (D:2)
  4 ball pythons
  5 endoplasms
  3 goblins (D:2)
  2 hobgoblins (D:2)
  4 kobolds
  4 quokkas
  3 rats
29 creatures vanquished.

Notes
Turn   | Place    | Note
-------+----------+-------------------------------------------
     0 | D:1      | Zeor the Minotaur Hunter began the quest for the Orb.
     0 | D:1      | Reached XP level 1. HP: 18/18 MP: 0/0
   359 | D:1      | Found a faded altar of an unknown god.
   463 | D:1      | Reached XP level 2. HP: 25/25 MP: 1/1
   660 | D:2      | Reached skill level 5 in Bows
  1008 | D:2      | Reached XP level 3. HP: 30/30 MP: 2/2
  1265 | D:3      | Reached skill level 6 in Bows
  1265 | D:3      | Reached XP level 4. HP: 37/37 MP: 3/3
  1314 | D:3      | Reached skill level 1 in Armour
  1342 | D:3      | Noticed Sigmund
  1370 | D:3      | Engulfed by Sigmund's steam

Illustrated notes

Levels and vault maps discovered:
D:1:      onia_arrival_pentagram, layout_basic,
          hellmonk_ecumenical_altar_leap_of_faith
D:2:      layout_rooms
D:3:      layout_rooms, led_sif_pool, nicolae_elevator_lobby_asterisk,
          uniq_sigmund

Skill      XL: |  1  2  3  4 |
---------------+-------------+-----
Bows           | 5 6 |  6.2
Armour         | 1 |  1.1
Fighting       | |  2.8
Polearms       | |  0.2
Dodging        | |  2.2
Stealth        | |  0.7

Action                   |  1- 3 |  4- 6 || total
-------------------------+-------+-------++-------
Melee: Short sword       |     2 |       ||     2
       Spear             |    18 |    13 ||    31
       Headbutt          |     7 |     1 ||     8
       Punch             |     1 |     1 ||     2
 Fire: Shortbow          |    50 |     8 ||    58
  Use: Scroll            |     5 |       ||     5
       Potion            |       |     2 ||     2
Armor: Chain mail        |     9 |     6 ||    15
       Leather armour    |     1 |       ||     1
Dodge: Dodged            |     5 |     2 ||     7
